 Dungeon Crawl Stone Soup version 0.20.1-1-g8b1a95d (webtiles) character file.

39 dohliylev the Sneak (level 3, 0/25 HPs)
             Began as a Vampire Enchanter on Dec 13, 2017.
             Slain by a quokka (3 damage)
             ... on level 2 of the Dungeon.
             The game lasted 00:04:22 (1480 turns).

dohliylev the Sneak (Vampire Enchanter)             Turns: 1480, Time: 00:04:24

Health: 0/25       AC:  2    Str:  7    XL:     3   Next: 26%
Magic:  1/6        EV: 13    Int: 17    God:
Gold:   70         SH:  0    Dex: 15    Spells: 0/6 levels left

rFire    . . .     SeeInvis +   a - +1 dagger
rCold    . . .     Gourm    .   (no shield)
rNeg     + . .     Faith    .   b - +0 robe
rPois    .         Spirit   .   (no helmet)
rElec    .         Reflect  .   (no cloak)
rCorr    .         Harm     .   (no gloves)
MR       .....                  (no boots)
Stlth    +++.......             (no amulet)
Regen    0.1/turn               (no ring)
MPRegen  0.1/turn               (no ring)

@: no status effects
A: fangs 3, see invisible, unbreathing
a: Bat Form


You were on level 2 of the Dungeon.
You were not thirsty.

You visited 1 branch of the dungeon, and saw 2 of its levels.

You collected 70 gold pieces.

Inventory:

Hand Weapons
 a - a +1 dagger (weapon)
Armour
 b - a +0 robe (worn)
Scrolls
 e - a scroll of magic mapping {unknown}
 f - a scroll of fear {unknown}
 g - a scroll of noise {unknown}
 i - a scroll of random uselessness {unknown}
 j - a scroll of teleportation {unknown}
 k - a scroll of remove curse {unknown}
 l - a scroll of recharging {unknown}
Potions
 d - 13 potions of blood
 h - 2 potions of heal wounds {unknown}
Books
 c - a book of Maledictions

   Spells                             Type                      Level
   a - Corona                         Hexes                        1
   b - Ensorcelled Hibernation        Hexes/Ice                    2
   c - Confuse                        Hexes                        3
   d - Tukima's Dance                 Hexes                        3
   e - Dazzling Spray                 Conjuration/Hexes            3


   Skills:
 - Level 0.3 Fighting
 - Level 1.1 Short Blades
 + Level 2.9 Dodging
 - Level 6.0 Stealth
 - Level 2.0 Spellcasting
 - Level 4.4 Hexes


You couldn't memorise any spells.
You knew the following spells:

 Your Spells              Type           Power        Failure   Level  Hunger
a - Corona                Hex            ###....      3%          1    #......
b - Ensorcelled Hibernat  Hex/Ice        #.....       12%         2    ###....
c - Confuse               Hex            ###.....     10%         3    ###....


Dungeon Overview and Level Annotations

Branches:
Dungeon (2/15)

Altars:

Annotations:
D:2 Terence


Innate Abilities, Weirdness & Mutations

You have razor-sharp teeth.
You have supernaturally acute eyesight. (SInv)
You can survive without breathing.


Message History

The jackal barely misses you.
The giant cockroach bites you but does no damage.
The jackal barely misses you.
The helpless jackal fails to defend itself.
You impale the jackal!!
You kill the jackal!
The jackal barely misses you. The bat barely misses you.
The giant cockroach closely misses you. The jackal misses you.
Terence barely misses you. The jackal bites you.
The bat hits you but does no damage. The jackal closely misses you.
The giant cockroach misses you. The quokka bites you.
* * * LOW HITPOINT WARNING * * *
The kobold throws a stone.
The stone closely misses you.
The giant cockroach bites you but does no damage.
Terence zaps a wand.
Some rock shatters into small pieces.
The jackal bites you.
* * * LOW HITPOINT WARNING * * *
You see here a jackal corpse.
The quokka bites you.
You die...

#.. .... #... ... ..
....## ######.. .$.
.... ..[...##.... ...#
#..#..#....
#..######..†K.....
..####...........(....
.....(...K..........##
#..........hs@.....###
########..@hbr....>..[
###..#.........
##..#........
##.#<..?....
###.####### .. #.


You could see Terence, a quokka, 2 jackals, a giant cockroach, a bat and 2
kobolds.

Vanquished Creatures
  A ball python (D:1)
  7 bats
  A giant cockroach (D:1)
  7 goblins (D:1)
  7 hobgoblins (D:1)
  A jackal (D:2)
  7 kobolds (D:1)
  A frilled lizard (D:1)
  2 rats (D:1)
34 creatures vanquished.

Vanquished Creatures (others)
  5 toadstools (D:1)
5 creatures vanquished.

Grand Total: 39 creatures vanquished

Notes
Turn   | Place    | Note
-------+----------+-------------------------------------------
     0 | D:1      | dohliylev the Vampire Enchanter began the quest for the Orb.
     0 | D:1      | Reached XP level 1. HP: 13/13 MP: 3/3
   256 | D:1      | Reached skill level 5 in Stealth
   316 | D:1      | Reached XP level 2. HP: 19/19 MP: 3/5
   329 | D:1      | Learned a level 2 spell: Ensorcelled Hibernation
   959 | D:1      | Reached skill level 6 in Stealth
   959 | D:1      | Reached XP level 3. HP: 25/25 MP: 6/6
   967 | D:1      | Learned a level 3 spell: Confuse
  1462 | D:2      | Noticed Terence
  1480 | D:2      | Slain by a quokka

Skill      XL: |  1  2 |
---------------+-------+-----
Stealth        | 5 6 |  6.0
Fighting       | |  0.3
Short Blades   | |  1.1
Dodging        | |  2.9
Spellcasting   | |  2.0
Hexes          | |  4.4

Action                   || total
-------------------------++-------
Melee: Dagger            ||    69
       Bite              ||     3
 Cast: Corona            ||     7
       Ensorcelled Hiber ||    21
  Use: Potion            ||     1
 Stab: Sleeping          ||    21
  Eat: Corpse            ||     2
Armor: Robe              ||    17
Dodge: Dodged            ||    63
